 Dungeon Sprint DCSS version 0.30-a0-177-g1cb5dbfd7a (webtiles) character file.

Game seed: 12002656832453737030

18574 mhtbhm the Warrior (level 12, -1/95 HPs)
             Began as a Gargoyle Berserker on Oct 2, 2022.
             Was the Champion of Trog.
             Killed from afar by an electric golem (5 damage)
             ... with a bolt of lightning
             ... in the Dungeon (Sprint II: "The Violet Keep of Menkaure").
             The game lasted 00:10:16 (2658 turns).

mhtbhm the Warrior (Gargoyle Berserker)             Turns: 2658, Time: 00:10:17

Health: -1/95      AC: 38    Str: 28    XL:     12   Next: 59%
Magic:  12/12      EV: 11    Int: 17    God:    Trog [******]
Gold:   1275       SH:  0    Dex:  6    Spells: 11/11 levels left

rFire   . . .      SeeInvis +    a - +7 mace "Waptaff" {freeze, Fragile rElec rC++ SInv}
rCold   + + .      Faith    .    (no shield)
rNeg    + . .      Spirit   .    b - +8 chain mail of Precision Catastrophes {+Blink rPois Int+8 Dex-3}
rPois   ∞          Reflect  .    y - +0 helmet "Tacaucucou" {Str+3}
rElec   +          Harm     .    k - +0 cloak
rCorr   .          Rampage  .    m - +0 pair of gloves
Will    .....      NoTele   +    t - +0 pair of boots {Stlth+}
Stlth   ..........               (no amulet)
HPRegen 0.35/turn                (no ring)
MPRegen 0.13/turn                (no ring)

@: on berserk cooldown, slowed, unable to drink, very slow
A: sickness immunity, AC +8, negative energy resistance 1, electricity
resistance, torment resistance 1, petrification resistance, deterioration 1,
screaming 1, inability to drink after injury 1
a: Renounce Religion, Evoke Blink, Berserk, Trog's Hand, Brothers in Arms


You were in the Dungeon.
You worshipped Trog.
Trog was exalted by your worship.
You visited 1 branch You collected 2391 gold pieces.
You spent 1116 gold pieces at shops.

Inventory:

Hand Weapons
 a - the +7 mace "Waptaff" (weapon) {freeze, Fragile rElec rC++ SInv}
   (You bought it in a shop in the Dungeon)

   It freezes those it strikes, dealing additional cold damage.
   It can also slow down cold-blooded creatures.
   rC:        It greatly protects you from cold.
   rElec:     It insulates you from electricity.
   SInv:      It lets you see invisible.
   Fragile:   It will be destroyed if unequipped.
 l - a +3 morningstar of flaming
Armour
 b - the +8 chain mail of Precision Catastrophes (worn) {+Blink rPois Int+8 Dex-3}
   (You bought it in a shop in the Dungeon)

   Int:       It affects your intelligence (+8).
   Dex:       It affects your dexterity (-3).
   rPois:     It protects you from poison.
   +Blink:    It lets you blink.
 k - a +0 cloak (worn)
 m - a +0 pair of gloves (worn)
 t - a +0 pair of boots of stealth (worn)
 y - the +0 helmet "Tacaucucou" (worn) {Str+3}
   (You found it in the Dungeon)

   Str:       It affects your strength (+3).
Jewellery
 w - a ring of willpower
Scrolls
 h - 3 scrolls of blinking
 i - 2 scrolls of butterflies
 j - 3 scrolls of amnesia
 s - a scroll of immolation {unknown}
 u - a scroll of identify
 v - 3 scrolls of acquirement {unknown}
 x - a scroll of enchant armour {unknown}
Potions
 c - a potion of curing
 d - 2 potions of heal wounds
 e - 5 potions of haste
 f - 6 potions of magic
 g - 3 potions of berserk rage
 n - 5 potions of flight
 o - 3 potions of resistance {unknown}
 p - 2 potions of attraction {unknown}
 q - a potion of mutation {unknown}
 r - a potion of cancellation {unknown}


   Skills:
 + Level 19.1 Fighting
 + Level 18.9 Maces & Flails
 + Level 17.7 Armour
 + Level 8.6 Dodging
 + Level 5.0 Stealth


You had 11 spell levels left.
You didn't know any spells.
Your spell library was empty.

Dungeon Overview and Level Annotations

Branches:
Dungeon (1/1)

Altars:
Cheibriados
Dithmenos
Elyvilon
Fedhas
Gozag
Hepliaklqana
Kikubaaqudgha
Makhleb
Nemelex Xobeh
Okawaru
Qazlal
Ru
Sif Muna
Trog
Uskayaw
Vehumet
Wu Jian
Xom
Yredelemnul
Zin
The Shining One
Jiyva
Lugonu

Shops:
D !:[:*:?==[!=?([

Annotations:
D exclusion: oklob plant


Innate Abilities, Weirdness & Mutations

You are immune to sickness and miasma.
Your stone body is resilient. (AC +8)
You are immune to poison.
You resist negative energy. (rN+)
You are resistant to electric shocks. (rElec)
You are resistant to unholy torment.
You are immune to petrification.
Your body sometimes deteriorates upon taking damage.
You occasionally shout uncontrollably at your foes.
You occasionally lose the ability to drink potions when taking damage.


Message History

The electric golem blinks!
Unknown command.
You cannot drink potions in your current state!
Unknown command.
Okay, then.
What are your orders? t - Yell!
Orders for allies: a - Attack new target. r - Retreat! s - Stop attacking. g - Guard the area. f - Follow me.
Anything else - Cancel.
Gang up on whom?
Press: ? - help, Dir - move target, f - electric golem
Aim: an electric golem (ally target) Attack!
The electric golem hurls lightning at you.
The bolt of lightning hits your stone giant!!
The bolt of lightning hits you! You resist.
* * * LOW HITPOINT WARNING * * *
Unknown command.
Your stone giant completely misses the electric golem.
The electric golem hurls lightning at you.
The bolt of lightning hits your stone giant!!
The bolt of lightning hits you. You resist.
* * * LOW HITPOINT WARNING * * *
Your stone giant hits the electric golem!!!
The electric golem completely misses your stone giant.
The electric golem hits your stone giant.
The electric golem shocks your stone giant!!
The electric golem hits your stone giant. x2
Your stone giant closely misses the electric golem.
The electric golem hits your stone giant but does no damage. x2
The electric golem hits your stone giant! x2
Your stone giant barely misses the electric golem.
The electric golem hurls lightning at you.
The bolt of lightning hits your stone giant!!!
Your stone giant dies!
Your stone giant's corpse disappears in a puff of smoke!
The bolt of lightning hits you. You resist.
You die...

+++*+++*####....#.##:|▓▓▓▓▓▓▓▓▓▓▓
..,,...,#..'..9.#..#°○▓.)[).(..▓▓
.##+##..#..####§#..#:)▓.[..)(..▓▓
###.###.####..'.##.#)○▓))....).▓▓
#..#..#....#..#...####▓..)=....▓▓
##.#.####..#####^.##.#▓.):.)...▓▓
###'###.##..#..'..#..#▓..[..(..▓▓
.##.##..##..#..#^.#).#▓...:....▓▓
#'.<.'.##'§.####@.##.#▓.[.(.().▓▓
.##.##.#.#....###.^.##▓▓▓▓▓▓▓'▓▓▓
###'###.##......~~~~~~~~~~~~~..)≈
##.).####~~.....~#+########'###.≈
#..#..#~~~~~~~..~#_._.....#~~~##≈
##...##~~~~§~~~.~#._._....#~~§§##
~##'##~~~≈≈≈§~~~~#_._._...#~§~§≈#
~)~~~~~§~§≈≈≈≈~~~#._._._..#~§§≈≈§
+++#+++#~≈§§≈≈≈§§#_._._._.#~§~~~§


You could see an electric golem.

Vanquished Creatures
  A deep elf master archer (D)
  A kraken (D)
  2 sphinxes (D)
  A crystal guardian (D)
  A fire dragon (D)
  2 boulder beetles (D)
  An iron elemental (D)
  2 hell hogs (D)
  2 death drakes (D)
  2 deep trolls (D)
  A slime creature (D)
  A manticore (D)
  A merfolk siren (D)
  A toenail golem (D)
  A yaktaur (D)
  3 polar bears (D)
  A hornet (D)
  12 flying skulls (D)
  A redback (D)
  4 neqoxecs (D)
  A vampire mosquito (D)
  Menkaure (D)
  4 water moccasins (D)
  3 black bears (D)
  2 swamp drakes (D)
  4 scorpions (D)
  9 electric eels (D)
  A spectral bat (D)
  A spectral ball python (D)
67 creatures vanquished.

Vanquished Creatures (collateral kills)
  2 manticores (D)
  A slime creature (D)
  A redback (D)
  2 water moccasins (D)
6 creatures vanquished.

Vanquished Creatures (others)
  A water moccasin (D)
  16 tentacles (D)
17 creatures vanquished.

Grand Total: 90 creatures vanquished

Notes
Turn   | Place    | Note
-------+----------+-------------------------------------------
     0 | D        | mhtbhm the Gargoyle Berserker began the quest for the Orb.
     0 | D        | Reached XP level 1. HP: 14/14 MP: 1/1
     1 | D        | Noticed a scorpion
     1 | D        | Noticed a scorpion
     1 | D        | Noticed a scorpion
     1 | D        | Noticed a scorpion
     6 | D        | Killed a scorpion
     7 | D        | Reached skill level 6 in Fighting
     7 | D        | Reached skill level 5 in Maces & Flails
     7 | D        | Reached XP level 2. HP: 18/22 MP: 2/2
     7 | D        | Reached XP level 3. HP: 22/27 MP: 3/3
     9 | D        | Killed a scorpion
    10 | D        | Reached skill level 7 in Fighting
    10 | D        | Reached XP level 4. HP: 26/34 MP: 4/4
    14 | D        | Killed a scorpion
    14 | D        | Reached ** piety under Trog
    15 | D        | Reached skill level 8 in Fighting
    15 | D        | Reached XP level 5. HP: 31/39 MP: 5/5
    19 | D        | Reached XP level 6. HP: 34/45 MP: 6/6
    57 | D        | Killed a water moccasin
   189 | D        | Noticed a merfolk siren
   204 | D        | Killed a merfolk siren
   205 | D        | Reached skill level 10 in Fighting
   205 | D        | Reached skill level 10 in Maces & Flails
   205 | D        | Reached skill level 5 in Armour
   205 | D        | Reached XP level 7. HP: 24/53 MP: 7/7
   329 | D        | Noticed a boulder beetle
   329 | D        | Noticed a boulder beetle
   333 | D        | Noticed a neqoxec
   333 | D        | Noticed a neqoxec
   333 | D        | Noticed a neqoxec
   333 | D        | Noticed a neqoxec
   342 | D        | Killed a neqoxec
   342 | D        | Reached *** piety under Trog
   343 | D        | Reached skill level 11 in Fighting
   345 | D        | Killed a neqoxec
   346 | D        | Reached skill level 1 in Stealth
   347 | D        | Gained mutation: You occasionally shout uncontrollably at
                  | your foes. [a neqoxec]
   353 | D        | Killed a neqoxec
   354 | D        | Reached XP level 8. HP: 55/60 MP: 8/8
   359 | D        | Gained mutation: Your body sometimes deteriorates upon
                  | taking damage. [a neqoxec]
   363 | D        | Gained mutation: You occasionally lose the ability to drink
                  | potions when taking damage. [a neqoxec]
   365 | D        | Reached skill level 12 in Fighting
   483 | D        | Found Xaint's Distillery.
   485 | D        | Found Juavawac's Jewellery Emporium.
   485 | D        | Found Omib's Jewellery Shoppe.
   486 | D        | Found Jiocvish's Magic Scroll Shoppe.
   486 | D        | Found Zowkask's Magic Scroll Emporium.
   497 | D        | Reached **** piety under Trog
   498 | D        | Reached skill level 5 in Dodging
   530 | D        | Found Suggefeh's Antique Armour Emporium.
   530 | D        | Found Gengoil's Armour Shoppe.
   531 | D        | Found Kus Peet's Book Shoppe.
   531 | D        | Found Qube's Assorted Antiques.
   531 | D        | Found Rich's Jewellery Shoppe.
   531 | D        | Noticed a cane toad
   532 | D        | Found Fiqorerri's Antique Weapon Shoppe.
   534 | D        | Noticed a wyvern
   535 | D        | Found Mehagumu's Book Emporium.
   535 | D        | Found Couxokuv's Antique Armour Shoppe.
   535 | D        | Noticed Menkaure
   535 | D        | Noticed an oklob plant
   536 | D        | Found Podunepn's Distillery.
   536 | D        | Found Kudak's Book Shoppe.
   537 | D        | Noticed a cane toad
   538 | D        | Noticed a wyvern
   551 | D        | Killed Menkaure
   558 | D        | Noticed a shining eye
   558 | D        | Noticed a shining eye
   569 | D        | Bought an ichor-stained chain mail for 256 gold pieces
   569 | D        | Identified the +4 chain mail "Ophuphaf" {Regen+} (You
                  | bought it in a shop in the Dungeon)
   583 | D        | Bought a faintly glowing mace for 200 gold pieces
   583 | D        | Identified the +7 mace "Waptaff" {freeze, Fragile rElec
                  | rC++ SInv} (You bought it in a shop in the Dungeon)
   596 | D        | Bought a scroll of identify for 24 gold pieces
   607 | D        | Bought a potion of haste for 140 gold pieces
   607 | D        | Bought a potion of heal wounds for 70 gold pieces
   643 | D        | Found an iron altar of Okawaru.
   643 | D        | Found a radiant altar of Vehumet.
   643 | D        | Found a glowing silver altar of Zin.
   644 | D        | Found a sparkling altar of Nemelex Xobeh.
   644 | D        | Found a hide-covered altar of Uskayaw.
   645 | D        | Found a basalt altar of Yredelemnul.
   646 | D        | Found an opulent altar of Gozag.
   646 | D        | Found a burning altar of Makhleb.
   646 | D        | Found a bloodstained altar of Trog.
   647 | D        | Found a blossoming altar of Fedhas.
   647 | D        | Found a corrupted altar of Lugonu.
   647 | D        | Found a shimmering blue altar of Sif Muna.
   648 | D        | Found a white marble altar of Elyvilon.
   648 | D        | Found an ancient bone altar of Kikubaaqudgha.
   649 | D        | Found a shadowy altar of Dithmenos.
   649 | D        | Found a viscous altar of Jiyva.
   650 | D        | Found a snail-covered altar of Cheibriados.
   651 | D        | Noticed a polar bear
   661 | D        | Killed a polar bear
   671 | D        | Noticed a yaktaur
   671 | D        | Noticed a hornet
   671 | D        | Noticed a polar bear
   674 | D        | Killed a hornet
   674 | D        | Reached ***** piety under Trog
   675 | D        | Reached skill level 13 in Fighting
   675 | D        | Reached XP level 9. HP: 68/68 MP: 9/9
   675 | D        | Noticed a polar bear
   679 | D        | Killed a yaktaur
   686 | D        | Killed a polar bear
   691 | D        | Killed a polar bear
   731 | D        | Noticed a kraken
  1081 | D        | Killed a boulder beetle
  1082 | D        | Reached skill level 14 in Fighting
  1082 | D        | Reached skill level 15 in Maces & Flails
  1224 | D        | Killed a boulder beetle
  1225 | D        | Reached XP level 10. HP: 76/76 MP: 10/10
  1264 | D        | Bought a scroll of blinking for 82 gold pieces
  1264 | D        | Bought a scroll of blinking for 82 gold pieces
  1264 | D        | Bought a scroll of magic mapping for 82 gold pieces
  1276 | D        | Bought a smelly chain mail for 180 gold pieces
  1276 | D        | Identified the +8 chain mail of Precision Catastrophes
                  | {+Blink rPois Int+8 Dex-3} (You bought it in a shop in the
                  | Dungeon)
  1346 | D        | Noticed a death drake
  1362 | D        | Killed a death drake
  1367 | D        | Noticed a crystal guardian
  1367 | D        | Noticed a death drake
  1377 | D        | Killed a death drake
  1378 | D        | Reached skill level 15 in Fighting
  1378 | D        | Reached skill level 10 in Armour
  1387 | D        | Killed a crystal guardian
  1453 | D        | Reached ****** piety under Trog
  1458 | D        | Received a gift from Trog
  1473 | D        | Noticed a hell hog
  1473 | D        | Noticed a hell hog
  1479 | D        | Killed a hell hog
  1482 | D        | Killed a hell hog
  1483 | D        | Reached skill level 16 in Fighting
  1483 | D        | Reached XP level 11. HP: 47/83 MP: 11/11
  1633 | D        | Noticed a deep elf master archer
  1687 | D        | Found a hazy altar of Hepliaklqana.
  1687 | D        | Found a sacrificial altar of Ru.
  1687 | D        | Found a shimmering altar of Xom.
  1693 | D        | Found a stormy altar of Qazlal.
  1693 | D        | Found an ornate altar of the Wu Jian Council.
  1706 | D        | Found a glowing golden altar of the Shining One.
  1737 | D        | Received a gift from Trog
  1757 | D        | Received a gift from Trog
  1833 | D        | Noticed a deep troll
  1841 | D        | Killed a deep troll
  1842 | D        | Noticed a deep troll
  1849 | D        | Killed a deep troll
  1850 | D        | Reached skill level 17 in Fighting
  1892 | D        | Noticed a sphinx
  1892 | D        | Noticed a sphinx
  1899 | D        | Killed a sphinx
  1900 | D        | Reached skill level 15 in Armour
  1904 | D        | Killed a sphinx
  1994 | D        | Killed a kraken
  1994 | D        | Received a gift from Trog
  1995 | D        | Reached skill level 18 in Fighting
  1995 | D        | Reached XP level 12. HP: 42/92 MP: 12/12
  2256 | D        | Received a gift from Trog
  2387 | D        | Killed a deep elf master archer
  2532 | D        | Noticed a fire dragon
  2532 | D        | Noticed an iron elemental
  2546 | D        | Received a gift from Trog
  2557 | D        | Killed an iron elemental
  2559 | D        | Killed a fire dragon
  2560 | D        | Reached skill level 19 in Fighting
  2562 | D        | Received a gift from Trog
  2563 | D        | Reached skill level 5 in Stealth
  2608 | D        | Identified the +0 helmet "Tacaucucou" {Str+3}
  2627 | D        | Noticed an electric golem
  2627 | D        | Noticed an iron golem
  2657 | D        | HP: 3/95 [electric golem/bolt of lightning (3)]
  2658 | D        | Killed from afar by an electric golem

Illustrated notes

Levels and vault maps discovered:
D:        the_violet_keep_of_menkaure [sprint2_stairs_cluster_1,
          sprint2_shoproom, sprint2_temple, sprint2_basic_supplies,
          sprint2_obstacle_7, sprint2_obstacle_1, sprint2_obstacle_4,
          sprint2_obstacle_2, sprint2_obstacle_5, sprint2_timed_cluster_1,
          sprint2_smallroom_cluster_1, sprint2_smallroom_final_cluster_1,
          sprint2_transparent_cluster_1, sprint2_second_timed_cluster_1,
          sprint2_sniper_area_1, sprint2_heavy_combat_area_1,
          sprint2_mutation_trap_area_1, sprint2_forest_area_1,
          sprint2_light_combat_area_1, sprint2_behind_water_1,
          sprint2_near_end_vault_1]

Skill      XL: |  1  2  3  4  5  6  7  8  9 10 11 12 |
---------------+-------------------------------------+-----
Fighting       | 6 7 8 10 11 13 14 16 18 19 | 19.1
Maces & Flails | 5 6 7 8 10 12 13 15 16 18 | 18.9
Armour         | 3 4 5 8 12 15 17 | 17.7
Dodging        | 2 3 4 5 6 7 8 |  8.6
Stealth        | 1 2 4 5 |  5.0

Action                   |  1- 3 |  4- 6 |  7- 9 | 10-12 || total
-------------------------+-------+-------+-------+-------++-------
Melee: Mace              |     7 |    22 |    93 |   209 ||   331
       Punch             |     1 |       |       |       ||     1
Invok: Berserk           |     1 |     1 |     4 |    10 ||    16
       Brothers in Arms  |       |       |       |     2 ||     2
  Use: Scroll            |       |       |     2 |     4 ||     6
       Potion            |       |       |     1 |     5 ||     6
Armor: Animal skin       |       |       |     5 |       ||     5
       Chain mail        |       |       |    32 |   148 ||   180
Dodge: Dodged            |     2 |     9 |    48 |    86 ||   145

Table legend: (Time is in decaauts)
 A = Elapsed time spent in this place.
 B = Non-inter-level travel time spent in this place.
 C = Inter-level travel time spent in this place.
 D = Time resting spent in this place.
 E = Time spent auto-exploring this place.
 F = Levels seen in this place.
 G = Mean time per level.
                   A        B        C        D        E       F      G
               +--------+--------+--------+--------+--------+-----+--------+
         Total |   2780 |   2780 |      0 |   1441 |      1 |   1 | 2780.0 |
       Dungeon |   2780 |   2780 |      0 |   1441 |      1 |   1 | 2780.0 |
               +--------+--------+--------+--------+--------+-----+--------+

Top non-repeatable levels by time:
       D: 2780 daAuts
